 Dungeon Crawl Stone Soup version 0.28-a0-1594-ga885d4b3d6 (webtiles) character file.

Game seed: 6241107831580669900

25 kae the Ruffian (level 2, -2/23 HPs)
             Began as a Draconian Transmuter on Jan 20, 2022.
             Slain by an adder (4 damage)
             ... on level 2 of the Dungeon.
             The game lasted 00:00:40 (993 turns).

kae the Ruffian (Draconian Transmuter)               Turns: 993, Time: 00:00:41

Health: -2/23      AC:  4    Str: 12    XL:     2   Next: 82%
Magic:  4/5        EV: 12    Int: 13    God:
Gold:   61         SH:  0    Dex: 11    Spells: 4/5 levels left

rFire   . . .      SeeInvis .     - Unarmed
rCold   . . .      Faith    .   (no shield)
rNeg    . . .      Spirit   .   (armour unavailable)
rPois   .          Reflect  .   (helmet currently unavailable)
rElec   .          Harm     .   (no cloak)
rCorr   .          Rampage  .   (no gloves)
Will    .....                   (boots currently unavailable)
Stlth   +.........              (no amulet)
HPRegen 0.07/turn               (no ring)
MPRegen 0.09/turn               (no ring)

@: appendages (expiring)
A: horns 2, talons 2, AC +4, unfitting armour, cold-blooded
a: End Transformation


You were on level 2 of the Dungeon.
You had temporarily grown beastly horns and talons.
You visited 1 branch of the dungeon, and saw 2 of its levels.

You collected 61 gold pieces.

Inventory:

Scrolls
 a - 2 scrolls of noise
 c - a scroll of identify
Potions
 d - a potion of flight


   Skills:
 + Level 1.4 Fighting
 + Level 2.0 Dodging
 * Level 3.3 Unarmed Combat
 + Level 2.2 Spellcasting
 * Level 2.5 Transmutations


You had 4 spell levels left.
You knew the following spells:

 Your Spells              Type           Power      Damage    Failure   Level
a - Beastly Appendage     Tmut           16%        N/A       9%          1

Your spell library contained the following spells:

 Spells                   Type           Power      Damage    Failure   Level
 Wereblood                Tmut           8%         N/A       13%         2
 Spider Form              Tmut/Pois      4%         N/A       41%         3
 Ice Form                 Ice/Tmut       4%         N/A       83%         4


Dungeon Overview and Level Annotations

Branches:
Dungeon (2/15)

Altars:


Innate Abilities, Weirdness & Mutations

You have temporarily grown beastly horns and talons.
Your plain brown scales are hard. (AC +4)
You cannot fit into any form of body armour.
You are cold-blooded and may be slowed by cold attacks.


Message History

Your transformation is almost over.
There is a stone staircase leading up here.
Your horns disappear.
Your talons disappear.
An adder and an endoplasm come into view.
Found a scroll labelled JUASUACKEOL.
The endoplasm quivers.
There are monsters nearby!
The adder barely misses you. The endoplasm barely misses you.
You hit the adder.
The adder is moderately wounded.
The adder bites you but does no damage. The endoplasm hits you.
The adder bites you.
You are poisoned.
The adder poisons you!
There are monsters nearby!
There are monsters nearby!
Casting: Beastly Appendage (safe; 9% risk of failure)
Confirm with . or Enter, or press ? or * to list all spells.
You grow a pair of large bovine horns.
Your feet morph into talons.
You feel sick. The endoplasm freezes you.
You are frozen.
The adder closely misses you.
You feel sick. The adder bites you. The endoplasm freezes you.
You are frozen.
You feel yourself slow down.
You are too injured to fight recklessly!
You are too injured to fight recklessly!
You are too injured to fight recklessly!
You are too injured to fight recklessly!
You feel sick. The adder closely misses you.
You feel yourself speed up.
You feel sick. The adder barely misses you. The endoplasm hits you.
* * * LOW HITPOINT WARNING * * *
Your transformation is almost over.
You feel sick. The adder barely misses you.
You feel sick.
You are no longer poisoned.
Okay, then.
The adder bites you.
You die...

.# #.# . ###.####### ..
######.........# #..
...##.........#
....###.##.........#
##..........$....?.##
........SJ...........
##.####@##.........# #.#
#<##.:.......# #.#
#.##.:.......# #.#
#.##.........# #.#
#>############ #.####.....(#
#.......?...#
.######.#########.#########.#
#...........................#


You could see an adder and an endoplasm.

Vanquished Creatures
  A dart slug (D:1)
  3 ball pythons
  3 endoplasms
  2 giant cockroaches
  2 hobgoblins (D:1)
  A quokka (D:1)
  3 frilled lizards
  4 goblins (D:1)
  A kobold (D:1)
  2 rats
22 creatures vanquished.

Notes
Turn   | Place    | Note
-------+----------+-------------------------------------------
     0 | D:1      | kae the Draconian Transmuter began the quest for the Orb.
     0 | D:1      | Reached XP level 1. HP: 16/16 MP: 3/3
   239 | D:1      | Reached XP level 2. HP: 22/23 MP: 3/5
   399 | D:1      | Found a faded altar of an unknown god.
   993 | D:2      | Slain by an adder

Illustrated notes

Levels and vault maps discovered:
D:1:      dpeg_arrival_rhombi, layout_rooms, hellmonk_ecumenical_altar_blasted,
          hangedman_decor_points, minmay_door_square
D:2:      layout_loops_ring, basic_altar, minmay_tetromino_t4, uniq_jessica

Skill      XL: |  1  2 |
---------------+-------+-----
Dodging        | 2 |  2.0
Fighting       | |  1.4
Unarmed Combat | |  3.3
Spellcasting   | |  2.2
Transmutations | |  2.5

Action                   || total
-------------------------++-------
Melee: Unarmed           ||    52
       Kick              ||     9
       Tailslap          ||     1
       Headbutt          ||     2
 Cast: Beastly Appendage ||    16
  Use: Scroll            ||     4
Armor: Skin              ||    18
Dodge: Dodged            ||    49

Table legend: (Time is in decaauts)
 A = Elapsed time spent in this place.
 B = Non-inter-level travel time spent in this place.
 C = Inter-level travel time spent in this place.
 D = Time resting spent in this place.
 E = Time spent auto-exploring this place.
 F = Levels seen in this place.
 G = Mean time per level.
                   A        B        C        D        E       F      G
               +--------+--------+--------+--------+--------+-----+--------+
         Total |    992 |    972 |     20 |     45 |    752 |   2 |  496.0 |
       Dungeon |    992 |    972 |     20 |     45 |    752 |   2 |  496.0 |
               +--------+--------+--------+--------+--------+-----+--------+

Top non-repeatable levels by time:
     D:1: 822 daAuts
     D:2: 170 daAuts
